Map: Corrosion EC

Players

zuka - Winner!

  • Race: Protoss Protoss
  • League: Master
  • Spawn Location: 11:00

Picnici

  • Race: Protoss Protoss
  • League: Master
  • Spawn Location: 5:00

VOD

Have the link to the VOD?

Description

Time

  • Played on: June 18, 2018, 4:11 p.m.
  • Length: 4:48
Show
View Real Time Build Order
Export as new Build Order

zuka Protoss - Winner!

Build Orders: Dark Templar Rush 

Get SALT Encoding   

  12  0:01  Probe  
  13  0:13  Probe  
  14  0:19  Pylon  
  14  0:21  Probe  
  15  0:33  Probe  
  15  0:38  Gateway  
  16  0:45  Probe  
  16  0:47  Assimilator  
  17  0:52  Assimilator  
  17  0:54  Probe  
  17  1:02  Probe  
  18  1:10  Gateway  
  19  1:11  Probe  
  20  1:23  Probe  
  21  1:26  Cybernetics Core  
  21  1:35  Probe  
  21  1:37  Pylon  
  22  1:47  Probe  
  23  1:56  Stalker  
  23  2:06  Stargate  
  25  2:10  Warp Gate  
  25  2:19  Probe  
  26  2:23  Stalker, Twilight Council  
  28  2:31  Stalker, Probe  
  31  2:38  Pylon  
  31  2:59  Dark Shrine  
  31  3:14  Nexus  
  31  3:21  Shield Battery  
  31  3:28  Stalker  
  33  3:34  Shield Battery  
  33  3:50  Pylon  
  33  4:02  Gateway  
  33  4:03  Shield Battery  
  33  4:13  Dark Templar x2  
  37  4:18  Probe  
  38  4:26  Probe  
  38  4:27  Probe  
  40  4:35  Probe  
Show
View Real Time Build Order
Export as new Build Order

Picnici Protoss 

Build Orders:  

Get SALT Encoding   

  12  0:00  Probe  
  13  0:12  Probe  
  14  0:17  Pylon  
  14  0:24  Probe  
  15  0:32  Probe  
  15  0:39  Gateway  
  15  0:40  Probe  
  16  0:46  Assimilator  
  17  0:50  Probe  
  17  0:55  Assimilator  
  18  0:59  Probe  
  19  1:07  Probe  
  20  1:16  Gateway  
  20  1:17  Probe  
  21  1:28  Cybernetics Core  
  21  1:29  Probe  
  22  1:37  Pylon  
  22  1:41  Probe  
  23  1:56  Probe  
  24  2:04  Stalker x2  
  28  2:09  Warp Gate  
  28  2:15  Probe  
  29  2:19  Pylon  
  29  2:27  Probe  
  30  2:37  Stalker x2  
  34  2:41  Probe  
  35  2:51  Pylon  
  35  2:54  Probe  
  36  3:09  Probe  
  37  3:16  Nexus  
  37  3:19  Stalker  
  37  3:20  Stalker  
  37  3:32  Probe  
  42  3:44  Probe  
  43  4:00  Shield Battery, Probe  
  44  4:05  Twilight Council  
  44  4:12  Gateway, Probe  
  44  4:16  Pylon  
  45  4:20  Stalker  
  47  4:24  Probe  
  47  4:25  Probe  
  49  4:32  Probe  
  49  4:34  Probe  
  51  4:39  Robotics Facility  
Tags
 
Add a new tag
Caveats
  • Supply blocks, unpowered buildings, or Contaminate may cause inaccurate times.
  • Supply counts are checked every 10 seconds.